 Dungeon Crawl Stone Soup version 0.30-a0-726-gd89dcf765f (webtiles) character file.

Game seed: 16002641243840987638

30 ASSMAN the Magician (level 3, -2/37 HPs)
             Began as a Demonspawn Hedge Wizard on Jan 29, 2023.
             Constricted to death by Sigmund (4 damage)
             ... on level 2 of the Dungeon.
             The game lasted 00:01:54 (1122 turns).

ASSMAN the Magician (Demonspawn Hedge Wizard)       Turns: 1122, Time: 00:01:55

Health: -2/37      AC:  9    Str: 10    XL:     3   Next: 5%
Magic:  8/8        EV:  7    Int: 17    God:
Gold:   20         SH:  0    Dex: 12    Spells: 8/9 levels left

rFire   . . .      SeeInvis .    a - +0 dagger
rCold   . . .      Faith    .    (no shield)
rNeg    . . .      Spirit   .    j - quicksilver dragon scales
rPois   .          Reflect  .    c - +0 hat
rElec   .          Harm     .    (no cloak)
rCorr   .          Rampage  .    (no gloves)
Will    +....                    (no boots) Stlth
                                 (no amulet)
HPRegen 0.26/turn                (no ring)
MPRegen 0.11/turn                (no ring)

@: berserking (expiring), about to teleport, grasped by roots, constricted, very
quick
A: ignite blood 2
a: no special abilities


You were on level 2 of the Dungeon.
You visited 1 branch of the dungeon, and saw 2 of its levels.

You collected 20 gold pieces.

Inventory:

Hand Weapons
 a - a +0 dagger (weapon)
Armour
 b - a +0 robe
 c - a +0 hat (worn)
 j - quicksilver dragon scales (worn)
Jewellery
 i - a ring of protection from cold
Potions
 d - a potion of magic
 h - a potion of curing {unknown}


   Skills:
 + Level 0.5 Fighting
 + Level 0.5 Armour
 - Level 1.7 Dodging
 - Level 1.7 Stealth
 + Level 3.8 Spellcasting
 - Level 1.0 Conjurations
 - Level 1.0 Summonings
 - Level 0.8 Translocations


You had 8 spell levels left.
You knew the following spells:

 Your Spells              Type           Power      Damage    Failure   Level
a - Magic Dart            Conj           24%        1d4       28%         1

Your spell library contained the following spells:

 Spells                   Type           Power      Damage    Failure   Level
 Slow                     Hex            12%        N/A       38%         1
 Call Imp                 Summ           6%         N/A       38%         2
 Blink                    Tloc           12%        N/A       41%         2
 Cigotuvi's Dreadful Rot  Necr/Pois/Air  6%         N/A       54%         2
 Mephitic Cloud           Conj/Pois/Air  4%         N/A       73%         3


Dungeon Overview and Level Annotations

Branches:
Dungeon (2/15)

Altars:
Ru

Annotations:
D:2 Sigmund


Innate Abilities, Weirdness & Mutations

Your demonic aura often causes spilled blood to erupt in flames.


Message History

Found a stone staircase leading down.
A hobgoblin comes into view.
An endoplasm comes into view.
Found a stone staircase leading up.
The endoplasm quivers.
Sigmund zaps a wand.
The roots erupt in riotous growth!
The grasping roots grab you! The grasping roots constrict you.
You hear a shout! x2
The air fills with toxic fumes!
As you read the scroll labelled QAUCOT HIE, it crumbles to dust.
It was a scroll of poison.
Sigmund whispers, "You'll know eternity soon."
Sigmund casts a spell.
Sigmund flickers and vanishes!
Deactivating autopickup; reactivate with Ctrl-A.
You are constricted.
As you read the scroll labelled XAWNYLL NE VAB, it crumbles to dust.
You feel strangely unstable.
It was a scroll of teleportation.
Something hits you!
* * * LOW HITPOINT WARNING * * *
You are constricted.
* * * LOW HITPOINT WARNING * * *
The grasping roots release their grip on you.
It was a potion of berserk rage.
A red film seems to cover your vision as you go berserk!
You feel yourself moving faster!
You feel mighty!
You feel a strong urge to attack something.
You hear a zap.
The roots erupt in riotous growth!
The grasping roots grab you!
You are constricted.
* * * LOW HITPOINT WARNING * * *
You hear an angry hiss. x2
You are too berserk!
You feel your anger nearly subside.
You hear some strange, mumbled words.
A puff of flame appears from out of thin air!
The puff of flame misses you.
You are constricted.
You die...

........... #...
...§§§§.§ #... #.§§§.§
#### #.†. #§§#☼#
#..####...
###§§#☼###.#.......
##§§§§§§§§§...###...
##§§§§§§§§§§...###...
#§☼§§§§§§§§§....##...
#§§☼@§§§§§§§....####.
§§§§§☼§§§§§§§§§....#....
§§§§J{§§§§§☼§§§......###
§§g§§§§§§§§§§§☼....#.#
☼§§§§☼§§☼§§☼§§§.(..#...
#☼§§§§§§§§§§§§§..######.
#.§§§§§#§§§§§#§###
#§#§§§##§§§#§§..# ....
##...#


You could see an endoplasm and a hobgoblin.

Vanquished Creatures
  An adder (D:2)
  A ball python (D:1)
  2 endoplasms (D:1)
  A giant cockroach (D:1)
  3 goblins (D:1)
  3 hobgoblins
  3 bats
  5 kobolds (D:1)
  A rat (D:1)
20 creatures vanquished.

Notes
Turn   | Place    | Note
-------+----------+-------------------------------------------
     0 | D:1      | ASSMAN the Demonspawn Hedge Wizard began the quest for the
                  | Orb.
     0 | D:1      | Reached XP level 1. HP: 13/13 MP: 4/4
   206 | D:1      | Gained mutation: Your demonic aura sometimes causes spilled
                  | blood to erupt in flames. [demonic ancestry]
   206 | D:1      | Reached XP level 2. HP: 19/19 MP: 2/6
   259 | D:1      | Found a faded altar of an unknown god.
  1060 | D:2      | Gained mutation: Your demonic aura often causes spilled
                  | blood to erupt in flames. [demonic ancestry]
  1060 | D:2      | Reached XP level 3. HP: 25/25 MP: 6/8
  1112 | D:2      | Found a sacrificial altar of Ru.
  1113 | D:2      | Noticed Sigmund
  1122 | D:2      | Constricted to death by Sigmund

Illustrated notes

Levels and vault maps discovered:
D:1:      evilmike_arrival_rings, layout_basic,
          hellmonk_ecumenical_altar_zigzags, grunt_decor_cap
D:2:      layout_rooms, basic_altar, st_stairs_13, uniq_sigmund

Action                     || total
---------------------------++-------
  Melee: Dagger            ||    64
   Cast: Magic Dart        ||    22
    Use: Scroll            ||     2
         Potion            ||     1
   Stab: Sleeping          ||     1
 Armour: Robe              ||     5
         Quicksilver drago ||    20
  Dodge: Dodged            ||    31

Table legend: (Time is in decaauts)
 A = Elapsed time spent in this place.
 B = Non-inter-level travel time spent in this place.
 C = Inter-level travel time spent in this place.
 D = Time resting spent in this place.
 E = Time spent auto-exploring this place.
 F = Levels seen in this place.
 G = Mean time per level.
                   A        B        C        D        E       F      G
               +--------+--------+--------+--------+--------+-----+--------+
         Total |   1121 |   1087 |     34 |     21 |    895 |   2 |  560.5 |
       Dungeon |   1121 |   1087 |     34 |     21 |    895 |   2 |  560.5 |
               +--------+--------+--------+--------+--------+-----+--------+

Top non-repeatable levels by time:
     D:1: 1031 daAuts
     D:2: 90 daAuts
